 Dungeon Crawl Stone Soup version 0.21.1-1-g345015f (webtiles) character file.

1632 CougarLife the Grappler (level 8, 0/75 HPs)
             Began as a Troll Monk on June 7, 2018.
             Was a Priest of Okawaru.
             Succumbed to a hornet's poison
             ... on level 6 of the Dungeon.
             The game lasted 00:08:00 (4418 turns).

CougarLife the Grappler (Troll Monk)                Turns: 4418, Time: 00:08:00

Health: 0/75       AC:  5    Str: 20    XL:     8   Next: 66%
Magic:  9/10       EV: 14    Int:  8    God:    Okawaru [***...]
Gold:   271        SH:  0    Dex: 12    Spells: 7/7 levels left

rFire    . . .     SeeInvis .     - Unarmed
rCold    . . .     Gourm    +   (no shield)
rNeg     . . .     Faith    .   k - +0 robe {MR+}
rPois    .         Spirit   .   (helmet restricted)
rElec    .         Reflect  .   (no cloak)
rCorr    .         Harm     .   (gloves unavailable)
MR       +....                  (boots unavailable)
Stlth    +++.......             (no amulet)
HPRegen  0.62/turn              (no ring)
MPRegen  0.12/turn              (no ring)

@: lethally poisoned (0 -> -13), heroism, berserk cooldown, slowed, very slow
A: large, unfitting armour, claws 3, fast metabolism 3, gourmand, regeneration
1, shaggy fur 1, tough skin 2
a: Heroism, Renounce Religion


You were on level 6 of the Dungeon.
You worshipped Okawaru.
Okawaru was most pleased with you.
You were full.

You visited 2 branches of the dungeon, and saw 7 of its levels.

You collected 271 gold pieces.

Inventory:

Missiles
 x - a large rock (quivered)
Armour
 k - a +0 robe of magic resistance (worn)
Wands
 c - a wand of iceblast (18)
 m - a wand of disintegration (21)
Scrolls
 d - 4 scrolls of magic mapping
 e - 4 scrolls of remove curse
 f - 2 scrolls of immolation
 h - 5 scrolls of amnesia
 j - a scroll of enchant armour {unknown}
 l - a scroll of fog {unknown}
 o - 4 scrolls of teleportation
 v - a scroll of enchant weapon {unknown}
 w - a scroll of identify
Potions
 a - 2 potions of flight {unknown}
 i - a potion of invisibility {unknown}
 n - a potion of cancellation
 p - 2 potions of magic {unknown}
 q - a potion of brilliance
 r - a potion of haste {unknown}
 s - a potion of curing {unknown}
 t - a potion of heal wounds
 u - a potion of mutation {unknown}
Comestibles
 b - 12 rations


   Skills:
 - Level 3.0(8.0) Fighting
 - Level 3.1(8.1) Dodging
 - Level 1.0(6.0) Stealth
 + Level 9.2(14.2) Unarmed Combat
 - Level 5.2 Invocations


You had 7 spell levels left.
You didn't know any spells.

Dungeon Overview and Level Annotations

Branches:
Dungeon (6/15)             Temple (1/1) D:4

Altars:
Ashenzari
Cheibriados
Dithmenos
Fedhas
Gozag
Hepliaklqana
Makhleb
Nemelex Xobeh
Okawaru
Qazlal
Ru
Sif Muna
Trog
Uskayaw
Vehumet
Xom
Yredelemnul
Zin
The Shining One

Shops:
D:4 (


Innate Abilities, Weirdness & Mutations

You are too large for most types of armour.
You have claws for hands.
Your metabolism is lightning-fast.
You like to eat raw meat.
Your natural rate of healing is unusually fast.
You are covered in fur. (AC +1)
You have very tough skin. (AC +2)


Message History

* * * LOW HITPOINT WARNING * * *
You feel sick. The hornet closely misses you.
You eviscerate the hornet!!!
You kill the hornet!
Okawaru is honoured by your kill.
Your base Unarmed Combat skill increases to level 9!
* * * LOW HITPOINT WARNING * * *
You feel sick.
A worker ant comes into view.
You are too berserk!
You are too berserk!
* * * LOW HITPOINT WARNING * * *
You feel sick.
You see here a hornet corpse.
Unknown command.
You feel a strong urge to attack something.
You are no longer berserk.
You are exhausted.
You feel as though you will be slow longer.
You die...

# ##### #. #)... .# #
##.###
.#.########.....
####a.###...........
#.#@# #...........(
#†## ##.#####..#..
##.#### #.# #..#.[
#.....# #.# #..#..
#.####.# #.# #>.#..
#. #.# #.#####..#.. #
#.###...........
.####....#.#.......#
#........###........#


You could see a worker ant.

Vanquished Creatures
  A hornet (D:6)
  The ghost of Fang the Chopper, an amateur GrBe of Trog (D:4)
  A hungry ghost (D:4)
  An ice beast (D:6)
  Blork the orc (D:5)
  A scorpion (D:5)
  4 wights (D:6)
  A howler monkey (D:6)
  A bullfrog zombie (D:5)
  A quasit (D:6)
  3 hounds
  2 orc priests
  4 orc wizards
  Jessica (D:3)
  Ijyb (D:4)
  An iguana (D:4)
  3 worker ants
  Robin (D:3)
  13 adders
  2 oozes
  3 worms
  2 dart slugs
  5 leopard geckos
  13 orcs
  7 bats
  2 giant cockroaches
  14 goblins
  9 hobgoblins
  6 jackals (D:2)
  3 quokkas
  3 ball pythons
  7 frilled lizards
  10 kobolds
  6 rats
134 creatures vanquished.

Notes
Turn   | Place    | Note
-------+----------+-------------------------------------------
     0 | D:1      | CougarLife the Troll Monk began the quest for the Orb.
     0 | D:1      | Reached XP level 1. HP: 22/22 MP: 0/0
   288 | D:1      | Found a deep blue altar of Sif Muna.
   304 | D:1      | Reached XP level 2. HP: 25/29 MP: 1/1
   915 | D:2      | Reached XP level 3. HP: 37/37 MP: 2/2
  1093 | D:2      | Found a hide-covered altar of Uskayaw.
  1165 | D:2      | Reached XP level 4. HP: 45/45 MP: 3/3
  1399 | D:2      | Reached skill level 4 in Unarmed Combat
  1420 | D:2      | Found a shimmering altar of Xom.
  1420 | D:2      | Found a burning altar of Makhleb.
  1549 | D:2      | Found an iron altar of Okawaru.
  1569 | D:2      | Became a worshipper of Warmaster Okawaru
  1569 | D:2      | Reached * piety under Okawaru
  1569 | D:2      | Reached ** piety under Okawaru
  1653 | D:3      | Reached XP level 5. HP: 47/53 MP: 4/4
  1660 | D:3      | Found a bloodstained altar of Trog.
  1726 | D:3      | Noticed Jessica
  1730 | D:3      | Killed Jessica
  1730 | D:3      | Reached skill level 5 in Unarmed Combat
  1795 | D:3      | Noticed Robin
  1957 | D:3      | Reached skill level 1 in Invocations
  1975 | D:3      | Killed Robin
  2272 | D:4      | Found Soigin's Antique Weapon Boutique.
  2376 | D:4      | Reached XP level 6. HP: 38/61 MP: 6/6
  2463 | D:4      | Found a sparkling altar of Nemelex Xobeh.
  2493 | D:4      | Noticed Fang's ghost (amateur GrBe)
  2508 | D:4      | Killed Fang's ghost
  2612 | D:4      | Reached XP level 7. HP: 58/67 MP: 9/9
  2669 | D:4      | Noticed a hungry ghost
  2681 | D:4      | Killed a hungry ghost
  2681 | D:4      | Reached skill level 5 in Invocations
  2797 | D:4      | Found a staircase to the Ecumenical Temple.
  2939 | D:5      | Entered Level 5 of the Dungeon
  2939 | D:5      | Noticed Ijyb
  2952 | D:4      | Killed Ijyb
  2981 | Temple   | Entered the Ecumenical Temple
  3134 | D:5      | Reached skill level 6 in Unarmed Combat
  3189 | D:5      | Reached *** piety under Okawaru
  3207 | D:5      | Noticed Blork the orc
  3217 | D:5      | Killed Blork the orc
  3383 | D:5      | Reached skill level 7 in Unarmed Combat
  3383 | D:5      | Reached XP level 8. HP: 54/75 MP: 7/10
  3873 | D:6      | Reached skill level 8 in Unarmed Combat
  4404 | D:6      | Noticed a hornet
  4411 | D:6      | Paralysed by a hornet for 3 turns
  4415 | D:6      | HP: 4/112 [poisoned by a hornet]
  4416 | D:6      | Killed a hornet
  4416 | D:6      | Reached skill level 9 in Unarmed Combat
  4417 | D:6      | HP: 1/112 [poisoned by a hornet]
  4418 | D:6      | Succumbed to a hornet's poison

Skill      XL: |  1  2  3  4  5  6  7  8 |
---------------+-------------------------+-----
Fighting       | 3 |  3.0
Dodging        | 3 |  3.1
Unarmed Combat | 4 5 7 9 |  9.2
Invocations    | 2 4 5 |  5.2
Stealth        | |  1.0

Action                   |  1- 3 |  4- 6 |  7- 9 || total
-------------------------+-------+-------+-------++-------
Melee: Unarmed           |    99 |   162 |   154 ||   415
       Punch             |     1 |     3 |     4 ||     8
Invok: Heroism           |       |     4 |     4 ||     8
  Use: Scroll            |       |     6 |     2 ||     8
       Potion            |       |     3 |     1 ||     4
 Stab: Sleeping          |     3 |     4 |       ||     7
  Eat: Chunk             |    16 |    13 |    23 ||    52
Armor: Robe              |    47 |    62 |    48 ||   157
Dodge: Dodged            |    73 |   147 |    84 ||   304
